 Dungeon Crawl Stone Soup version 0.29.1-15-g9cfb28693d (webtiles) character file.

Game seed: 9724192398698686748

3 protoss039 the Digger (level 1, 0/14 HPs)
             Began as a Demonspawn Earth Elementalist on Mar 17, 2023.
             Slain by a kobold
             ... wielding a +0 dagger
              (2 damage)
             ... on level 1 of the Dungeon.
             The game lasted 00:00:17 (93 turns).

protoss039 the Digger (Demonspawn Earth Elementalist) Turns: 93, Time: 00:00:18

Health: 0/14       AC:  2    Str:  8    XL:     1   Next: 41%
Magic:  1/3        EV: 12    Int: 16    God:
Gold:   0          SH:  0    Dex: 13    Spells: 3/4 levels left

rFire   . . .      SeeInvis .   e - +0 whip
rCold   . . .      Faith    .   (no shield)
rNeg    . . .      Spirit   .   a - +0 robe
rPois   .          Reflect  .   (no helmet)
rElec   .          Harm     .   (no cloak)
rCorr   .          Rampage  .   (no gloves)
Will    .....                   (no boots)
Stlth   ++........              (no amulet)
HPRegen 0.04/turn               (no ring)
MPRegen 0.08/turn               (no ring)

@: no status effects
A: no striking features
a: no special abilities


You were on level 1 of the Dungeon.
You visited 1 branch of the dungeon, and saw 1 of its levels.

Inventory:

Hand Weapons
 e - a +0 whip (weapon)
Armour
 a - a +0 robe (worn)
Scrolls
 c - 2 scrolls of identify {unknown}
Potions
 b - a potion of magic
 d - a potion of heal wounds {unknown}


   Skills:
 + Level 0.3 Fighting
 - Level 1.7 Dodging
 - Level 1.7 Stealth
 + Level 2.0 Spellcasting
 - Level 0.8 Transmutations
 + Level 2.7 Earth Magic


You had 3 spell levels left.
You knew the following spells:

 Your Spells              Type           Power      Damage    Failure   Level
a - Sandblast             Erth           20%        2d7       7%          1

Your spell library contained the following spells:

 Spells                   Type           Power      Damage    Failure   Level
 Passwall                 Tmut/Erth      5%         N/A       14%         2
 Stone Arrow              Conj/Erth      12%        3d7       34%         3
 Petrify                  Tmut/Erth      7%         N/A       67%         4


Dungeon Overview and Level Annotations

Branches:
Dungeon (1/15) Zot: 5903

Altars:

Shops:
D:1 [


Message History

The bat hits you but does no damage. The bat closely misses you.
The bat misses you. The bat hits you but does no damage.
You hit the bat.
You kill the bat!
The bat hits you. The bat hits you but does no damage.
You see here a bat corpse.
The endoplasm attacks as you move away! The endoplasm barely misses you.
The bat hits you but does no damage.
You open the door. The bat barely misses you.
Found Uloceiji's Antique Armour Emporium.
The endoplasm attacks as you move away! The endoplasm closely misses you.
The bat closely misses you.
There is an open door here.
The endoplasm attacks as you move away!
The endoplasm hits you but does no damage.
The kobold hits you but does no damage.
There is an entrance to Uloceiji's Antique Armour Emporium here.
You hit the endoplasm.
The endoplasm is heavily wounded.
The kobold hits you with a +0 dagger. The endoplasm barely misses you.
You completely miss the endoplasm.
The endoplasm is heavily wounded.
The kobold misses you. The endoplasm closely misses you.
The kobold hits you with a +0 dagger. The endoplasm hits you.
You open the door. The kobold hits you but does no damage.
The endoplasm barely misses you. The endoplasm freezes you.
You are frozen.
* * * LOW HITPOINT WARNING * * *
There is an open door here.
Casting: Sandblast (safe; 7% risk of failure)
Confirm with . or Enter, or press ? or * to list all spells.
Aiming: Sandblast (safe; 7% risk of failure)
Press: ? - help, Shift-Dir - straight line, f - kobold
Aim: a kobold, wielding a +0 dagger and quivering stones (77% to hit)
The blast of sand hits the kobold.
The kobold is severely wounded.
The kobold hits you with a +0 dagger.
You die...

#............####.†.......
#.............##..........
##.#...#....##.#..#...[..$.
#..##.....###....###.......
#.###.#.##......## #..#.#.
#........#.......####......
#####.#...............##...
#........#+#..##..##..
#.......@Kb'........
#..........#J#†..#.##.
#.####..####.......... #.
#.## ####....... . #..#
....... . #..## ......# #
...#### ...# ...#


You could see an endoplasm, a bat and a kobold.

Vanquished Creatures
  A hobgoblin (D:1)
  A ball python (D:1)
  A bat (D:1)
  A kobold (D:1)
4 creatures vanquished.

Notes
Turn   | Place    | Note
-------+----------+-------------------------------------------
     0 | D:1      | protoss039 the Demonspawn Earth Elementalist began the
                  | quest for the Orb.
     0 | D:1      | Reached XP level 1. HP: 13/13 MP: 3/3
    85 | D:1      | Found Uloceiji's Antique Armour Emporium.
    93 | D:1      | Slain by a kobold

Illustrated notes

Levels and vault maps discovered:
D:1:      dpeg_arrival_windows_large_door, layout_rooms, serial_shops,
          nicolae_shop_behind_doors

Action                   || total
-------------------------++-------
Melee: Whip              ||     5
 Cast: Sandblast         ||     5
Armor: Robe              ||    13
Dodge: Dodged            ||    18
